 Dungeon Crawl Stone Soup version 0.29.1-13-g9f3cf754e1 (webtiles) character file.

Game seed: 12767118002777632319

33 croobank the Conjurer (level 3, -2/22 HPs)
             Began as an Octopode Conjurer on Feb 1, 2023.
             Slain by an iguana (7 damage)
             ... on level 2 of the Dungeon.
             The game lasted 00:03:36 (1321 turns).

croobank the Conjurer (Octopode Conjurer)           Turns: 1321, Time: 00:03:37

Health: -2/22      AC:  1    Str:  6    XL:     3   Next: 29%
Magic:  4/6        EV: 13    Int: 22    God:
Gold:   69         SH:  0    Dex: 10    Spells: 3/6 levels left

rFire   . . .      SeeInvis .   c - +0 dagger
rCold   . . .      Faith    .   (no shield)
rNeg    . . .      Spirit   .   (helmet restricted)
rPois   .          Reflect  .   (no amulet)
rElec   .          Harm     .   (no ring)
rCorr   .          Rampage  .   (no ring)
Will    .....                   (no ring)
Stlth   +++.......              (no ring)
HPRegen 0.07/turn               (no ring)
MPRegen 0.10/turn               (no ring)
                                (no ring)
                                (no ring)

@: no status effects
A: almost no armour, amphibious, 8 rings, camouflage 1, gelatinous body 1,
(nimble swimmer 1), tentacles
a: no special abilities


You were on level 2 of the Dungeon.
You visited 1 branch of the dungeon, and saw 2 of its levels.

You collected 69 gold pieces.

Inventory:

Hand Weapons
 c - a +0 dagger (weapon)
 f - a +0 whip
Missiles
 i - 6 atropa-tipped darts
Armour
 d - a +1 tower shield
Scrolls
 h - 3 scrolls of noise
Potions
 a - a potion of magic
 e - a potion of ambrosia
 g - a potion of brilliance


   Skills:
 + Level 0.8 Fighting
 + Level 2.4 Dodging
 + Level 3.3 Stealth
 + Level 2.3 Spellcasting
 + Level 4.2 Conjurations


You had 3 spell levels left.
You knew the following spells:

 Your Spells              Type           Power      Damage    Failure   Level
a - Magic Dart            Conj           84%        1d7       2%          1
b - Searing Ray           Conj           42%        2d6       3%          2

Your spell library contained the following spells:

 Spells                   Type           Power      Damage    Failure   Level
 Shock                    Conj/Air       44%        1d5       5%          1
 Dazzling Flash           Conj/Hex       22%        N/A       17%         3
 Swiftness                Air            2%         N/A       38%         3
 Fulminant Prism          Conj/Hex       5%         3d7       50%         4
 Iskenderun's Mystic Bla  Conj/Tloc      11%        2d4       50%         4
 Airstrike                Air            1%         2d(1-17)  80%         4


Dungeon Overview and Level Annotations

Branches:
Dungeon (2/15)

Altars:


Innate Abilities, Weirdness & Mutations

You cannot wear most types of armour.
You are amphibious.
You can wear up to eight rings at the same time.
Your skin changes colour to match your surroundings (Stealth+).
Your rubbery body absorbs attacks. (AC +1, EV +1)
((You are camouflaged when in or above water. (Stealth+)))
You have tentacles for arms and can constrict up to eight enemies at once.


Message History

As you read the scroll of identify, it crumbles to dust.
g - a potion of brilliance
As you read the scroll of identify, it crumbles to dust.
h - 3 scrolls of noise You open the door.
A kobold comes into view. It is wielding a +0 dagger.
There is an open door here.
The helpless kobold fails to defend itself.
You hit the kobold.
You kill the kobold!
Things that are here:
a +0 dagger; 2 stones As you open the door, it creaks loudly!
An iguana comes into view.
The iguana hisses angrily.
Found a stone staircase leading down.
There is an open door here.
You hit the iguana but do no damage. You grab the iguana.
You constrict the iguana. The iguana bites you!
You hit the iguana but do no damage.
You squeeze the iguana, but do no damage.
The iguana is lightly wounded.
You constrict the iguana, but do no damage.
The iguana bites you.
You hit the iguana but do no damage.
The iguana is lightly wounded.
You constrict the iguana. The iguana bites you!
* * * LOW HITPOINT WARNING * * *
You are too injured to fight recklessly!
Casting: Searing Ray (safe; 3% risk of failure)
Confirm with . or Enter, or press ? or * to list all spells.
Aiming: Searing Ray (safe; 3% risk of failure)
Press: ? - help, Shift-Dir - straight line, f - iguana
Aim: an iguana (lightly wounded, constricted by you, 100% to hit)
The searing ray hits the iguana!
The iguana is severely wounded. (Press . to maintain the ray.)
You constrict the iguana, but do no damage.
The iguana bites you!
You die...

.# .# .# #
########.####### .#
#..............#
##+#...
#........#####.# .....#
#.......######.##.....#
'.......'..)....@l.>..#
#....†..#########.....#
#.......# .....#
#.......# .....#
#.......# ##+#.#
###....## .. #....# #
#....# #.....


You could see an iguana.

Vanquished Creatures
  2 endoplasms (D:1)
  3 giant cockroaches (D:1)
  A goblin (D:1)
  3 hobgoblins (D:1)
  6 jackals (D:1)
  A quokka (D:1)
  2 ball pythons (D:1)
  A bat (D:2)
  5 frilled lizards (D:1)
  3 kobolds
  3 rats (D:1)
30 creatures vanquished.

Notes
Turn   | Place    | Note
-------+----------+-------------------------------------------
     0 | D:1      | croobank the Octopode Conjurer began the quest for the Orb.
     0 | D:1      | Reached XP level 1. HP: 11/11 MP: 3/3
   102 | D:1      | Found a faded altar of an unknown god.
   157 | D:1      | Reached XP level 2. HP: 5/17 MP: 3/5
   386 | D:1      | Learned a level 2 spell: Searing Ray
   655 | D:1      | Reached XP level 3. HP: 22/22 MP: 0/6
  1321 | D:2      | Slain by an iguana

Illustrated notes

Levels and vault maps discovered:
D:1:      lightli_arrival_flooded_house, layout_basic,
          hellmonk_ecumenical_altar_run_dry
D:2:      layout_basic, uniq_jessica, uniq_terence, uniq_robin

Skill      XL: |  1 |
---------------+----+-----
Stealth        | 3 |  3.3
Fighting       | |  0.8
Dodging        | |  2.4
Spellcasting   | |  2.3
Conjurations   | |  4.2

Action                   || total
-------------------------++-------
Melee: Dagger            ||    30
       Tentacles         ||     6
       Constrict         ||     6
 Cast: Magic Dart        ||    11
       Searing Ray       ||    10
  Use: Scroll            ||     5
 Stab: Sleeping          ||     8
Armor: Skin              ||     1
Dodge: Dodged            ||    18
